[Event "ICC tourney 1916 (45 10)"]
[Site "Internet Chess Club"]
[Date "2020.07.12"]
[Round "4"]
[White "clair"]
[Black "arconsul2"]
[Result "0-1"]
[ICCResult "White resigns"]
[WhiteElo "1562"]
[BlackElo "1294"]
[Opening "Queen's pawn, Mason variation"]
[ECO "D00"]
[NIC "QP.08"]
[Time "18:30:44"]
[TimeControl "2700+10"]

1. d4 d5 2. Bf4 Nf6 3. e3 e6 4. Nd2 c5 5. c3 Nbd7 6. Ngf3 b6 7. Ne5 Bb7 8.
h3 Be7 9. Bd3 Ne4 10. O-O Ndf6 11. Bb5+ Kf8 12. Bc6 Qc8 13. Bxb7 Qxb7 14.
Nxe4 dxe4 15. Qb3 g6 16. Bh6+ Ke8 17. dxc5 Qc7 18. Qb5+ Nd7 19. cxb6 Qxe5
20. Bf4 Qxb5 21. bxa7 Rxa7 22. b4 Bf6 23. Rfc1 e5 24. Bh6 Ke7 25. Rd1 Rha8
26. Rd2 Nb6 27. Rad1 Rd7 28. a4 Qxa4 29. f4 Qxd1+ 30. Rxd1 Rxd1+ 31. Kf2 Rc1
32. fxe5 Bxe5 33. Bf4 Bxf4 34. exf4 Rxc3 {White resigns} 0-1

[Event "ICC tourney 1916 (45 10)"]
[Site "Internet Chess Club"]
[Date "2020.07.12"]
[Round "4"]
[White "BrianDeSousa"]
[Black "marabu"]
[Result "0-1"]
[ICCResult "White resigns"]
[WhiteElo "1444"]
[BlackElo "1575"]
[Opening "Trompowsky attack (Ruth, Opocensk? opening)"]
[ECO "A45"]
[NIC "QP.07"]
[Time "18:30:50"]
[TimeControl "2700+10"]

1. d4 Nf6 2. Bg5 e6 3. Nd2 c5 4. e3 h6 5. Bh4 cxd4 6. exd4 Be7 7. Ngf3 b6 8.
Bd3 Bb7 9. O-O O-O 10. c3 d6 11. a4 a6 12. Re1 Nbd7 13. Bf1 Nd5 14. Bxe7
Qxe7 15. g3 N7f6 16. Bg2 b5 17. axb5 axb5 18. Qb3 Bc6 19. c4 bxc4 20. Qxc4
Qb7 21. Rxa8 Rxa8 22. Rc1 Bd7 23. b3 Kf8 24. Qd3 Ra2 25. Qb1 Qa7 26. b4 Qa4
27. Nc4 Nc3 28. Nb6 Qa7 29. Nxd7+ Nxd7 30. Rxc3 Ra1 31. Rc8+ Ke7 32. Qxa1
Qxa1+ 33. Bf1 Qa7 34. Rc3 g5 35. h3 Nf6 36. b5 Nd5 37. Rb3 Qa4 38. Rb1 Qa2
39. Re1 Qb2 40. Re2 Qb4 41. Kg2 Kf6 42. Rc2 h5 43. Bc4 Qb1 44. Re2 Nb6 45.
Ba2 Qxb5 46. Ng1 Nd5 47. Bxd5 Qxd5+ 48. Kh2 Qxd4 49. Re3 Kg6 50. Ne2 Qb2 51.
Kg2 d5 52. Ng1 d4 53. Re2 Qb7+ 54. Kh2 Qd5 55. f4 g4 56. hxg4 hxg4 57. Rd2
d3 {White resigns} 0-1

[Event "ICC tourney 1916 (45 10)"]
[Site "Internet Chess Club"]
[Date "2020.07.12"]
[Round "4"]
[White "Ghostrook"]
[Black "MIEMBR"]
[Result "1/2-1/2"]
[ICCResult "Game drawn because neither player has mating material"]
[WhiteElo "1428"]
[BlackElo "1402"]
[Opening "Sicilian: closed"]
[ECO "B23"]
[NIC "SI.44"]
[Time "18:31:08"]
[TimeControl "2700+10"]

1. e4 c5 2. Nc3 a6 3. g3 b5 4. Bg2 Bb7 5. d3 e6 6. Nh3 d5 7. exd5 exd5 8.
O-O Be7 9. Re1 b4 10. Qg4 g6 11. Nd1 Nf6 12. Qe2 Nc6 13. Bh6 Nd4 14. Qe5 Ne6
15. Ng5 Qd6 16. Qxd6 Bxd6 17. Nxe6 fxe6 18. Rxe6+ Be7 19. f3 Kf7 20. Re2 Bc8
21. Nf2 Bf5 22. Rae1 Bd6 23. Bh3 Rae8 24. Bxf5 Rxe2 25. Rxe2 gxf5 26. Nh3
Rg8 27. Bf4 Bxf4 28. Nxf4 Re8 29. Kf2 a5 30. Rxe8 Kxe8 31. Ne6 c4 32. Ke3
Ke7 33. Nd4 Kd6 34. Nxf5+ Ke5 35. Nd4 a4 36. Nc6+ Kd6 37. Nxb4 Kc5 38. a3
d4+ 39. Kd2 Nd7 40. dxc4 Kxc4 41. Nd3 Kd5 42. Nf4+ Kc4 43. b3+ axb3 44.
cxb3+ Kxb3 45. Kd3 Ne5+ 46. Kxd4 Nxf3+ 47. Ke4 Nxh2 48. Kf5 Nf1 49. g4 Ne3+
50. Kg5 Nxg4 51. Kxg4 Kxa3 52. Kg5 Kb4 53. Kh6 Kc5 54. Kxh7
{Game drawn because neither player has mating material}
1/2-1/2

[Event "ICC tourney 1916 (45 10)"]
[Site "Internet Chess Club"]
[Date "2020.07.12"]
[Round "4"]
[White "Knightoffaith"]
[Black "cdj12417489"]
[Result "1-0"]
[ICCResult "Black forfeits on time"]
[WhiteElo "1433"]
[BlackElo "1168"]
[Opening "Sicilian: Najdorf, Adams attack"]
[ECO "B90"]
[NIC "SI.14"]
[Time "18:30:52"]
[TimeControl "2700+10"]

1. e4 c5 2. Nf3 d6 3. d4 cxd4 4. Nxd4 Nf6 5. Nc3 a6 6. h3 b5 7. Nd5 Nxd5 8.
exd5 Bb7 9. Nf3 Qc7 10. Be3 Nd7 11. a4 Nf6 12. axb5 Nxd5 13. bxa6 Nb4 14. c3
Nxa6 15. Bb5+ Kd8 16. Qb3 e6 17. Bxa6 Ke7 18. O-O Rxa6 19. Rxa6 Bxa6 20. Ra1
Qc6 21. Nd4 Qd5 22. Qxd5 exd5 23. Rxa6 Kf6 24. Bf4 h5 25. Bxd6 Bxd6 26.
Rxd6+ Ke5 27. Rb6 Rc8 28. Kf1 Ke4 29. Ke2 Re8 30. g3 h4 31. Rb7
{Black forfeits on time}
1-0

[Event "ICC tourney 1916 (45 10)"]
[Site "Internet Chess Club"]
[Date "2020.07.12"]
[Round "4"]
[White "chesslin"]
[Black "IAlwaysWin"]
[Result "1-0"]
[ICCResult "Black forfeits on time"]
[WhiteElo "1765"]
[BlackElo "1620"]
[Opening "Queen's pawn, Mason variation"]
[ECO "D00"]
[NIC "QP.08"]
[Time "18:30:53"]
[TimeControl "2700+10"]

1. d4 d5 2. Bf4 e6 3. e3 Bd6 4. Bg3 Nf6 5. Nd2 O-O 6. Bd3 b6 7. Qe2 Bb7 8.
Ngf3 c5 9. c3 Nc6 10. Ne5 Be7 11. h4 c4 12. Bc2 b5 13. h5 b4 14. h6 g6 15.
O-O Nd7 16. Qf3 Ncxe5 17. Bxe5 Nxe5 18. dxe5 Qc7 19. Qg3 Kh8 20. f4 f6 21.
Nf3 Bc5 22. Nd4 Bxd4 23. exd4 bxc3 24. bxc3 f5 25. Rab1 Bc6 26. Rb2 Rab8 27.
Rfb1 Rxb2 28. Rxb2 Qe7 29. Kh2 Rg8 30. Qg5 Qxg5 31. fxg5 Rc8 32. Kg3 Kg8 33.
Kf4 Kf7 34. Ke3 Ke7 35. Kd2 Kd7 36. Ke3 Kc7 37. Rb1 Rd8 38. Rb4 Rf8 39. g3
Rd8 40. Rb1 Rf8 41. Kd2 Be8 42. Ke3 Bc6 43. Kf4 Rd8 44. Kf3 Be8 45. Ke2 Bc6
46. Kd2 Rf8 47. Rf1 Rb8 48. Kc1 a5 49. Rf2 Be8 50. Bd1 Bc6 51. g4 Rg8 52.
Rb2 Bd7 53. Rg2 Bc6 54. gxf5 exf5 55. Rb2 Rf8 56. Kd2 Bd7 57. Ke1 f4 58. Kf2
f3 59. Ke3 Rf5 60. Rf2 Rxg5 61. Rxf3 Bf5 62. Rf2 Rg3+ 63. Bf3 Rh3 64. Kf4
Kc6 65. Kg5 Be6 66. Bd1 Bf5 67. Ba4+ Kc7 68. Kf6 Rxh6 69. e6 Rh3 70. e7 Bd7
71. Bxd7 Kxd7 72. Re2 Ke8 73. Ke6 Rxc3 74. Kxd5 Rf3 75. Ke6 Rf7 76. Kd6 c3
77. d5 c2 78. Rxc2 Rxe7 79. Rc8+ Kf7 80. Rc7 {Black forfeits on time} 1-0

[Event "ICC tourney 1916 (45 10)"]
[Site "Internet Chess Club"]
[Date "2020.07.12"]
[Round "4"]
[White "StevChess01"]
[Black "knvsback"]
[Result "1/2-1/2"]
[ICCResult "Game drawn because neither player has mating material"]
[WhiteElo "1322"]
[BlackElo "1405"]
[Opening "QGA, 4.Nc3"]
[ECO "D24"]
[NIC "QG.05"]
[Time "18:30:48"]
[TimeControl "2700+10"]

1. d4 d5 2. c4 dxc4 3. Nf3 Nf6 4. Nc3 a5 5. e4 e6 6. Bxc4 h6 7. O-O Be7 8.
Bf4 O-O 9. Re1 c6 10. e5 Nd5 11. Bd2 b5 12. Bb3 Nd7 13. Rc1 Nxc3 14. Bxc3 a4
15. Bc2 Re8 16. Qe2 b4 17. Bd2 Bb7 18. Qe4 Nf8 19. Qg4 h5 20. Qxh5 c5 21.
Be4 Bxe4 22. Rxe4 Qd5 23. Rce1 f5 24. R4e2 cxd4 25. Bg5 g6 26. Qh4 Ra7 27.
Bxe7 Raxe7 28. Nxd4 g5 29. Qg3 Qxd4 30. Qxg5+ Rg7 31. Qh5 Qg4 32. Qxg4 Rxg4
33. f3 Rd4 34. Rc2 Red8 35. Ree2 Ng6 36. g3 f4 37. Kf2 R8d5 38. Rc6 Rxe5 39.
Rxe5 Nxe5 40. Rxe6 fxg3+ 41. hxg3 Nc4 42. b3 axb3 43. axb3 Nd2 44. Re3 Nb1
45. f4 Nc3 46. Kf3 Rd2 47. Re8+ Kf7 48. Rb8 Na2 49. Ra8 Nc1 50. Ra4 Rd3+ 51.
Ke4 Rxb3 52. Ra7+ Kf6 53. Ra6+ Ke7 54. Rc6 Ne2 55. Rb6 Nxg3+ 56. Kd5 Rb1 57.
Kc4 Nh1 58. Rxb4 Rxb4+ 59. Kxb4 Kf6 60. Kc4 Kf5 61. Kd4 Kxf4
{Game drawn because neither player has mating material}
1/2-1/2

[Event "ICC tourney 1916 (45 10)"]
[Site "Internet Chess Club"]
[Date "2020.07.12"]
[Round "4"]
[White "TimSage"]
[Black "xyzchessdude"]
[Result "0-1"]
[ICCResult "White resigns"]
[WhiteElo "1611"]
[BlackElo "1574"]
[Opening "Sicilian defense"]
[ECO "B30"]
[NIC "SI.31"]
[Time "18:30:45"]
[TimeControl "2700+10"]

1. e4 c5 2. Nf3 Nc6 3. d3 g6 4. g3 Bg7 5. Bg2 e5 6. O-O Nge7 7. Nc3 d6 8.
Nd2 O-O 9. Nc4 Be6 10. Nd5 Qd7 11. c3 b5 12. Nce3 Bxd5 13. exd5 Nd8 14. a4
f5 15. f4 Nf7 16. axb5 Qxb5 17. Nc4 a5 18. Qa4 Rfb8 19. Re1 Nc8 20. Kh1 Qxa4
21. Rxa4 Rb5 22. Ra2 Nb6 23. Na3 Rb3 24. Bf3 Nd7 25. Nc4 Rb5 26. Bd1 Ra7 27.
Ba4 Rb8 28. Bxd7 Rxd7 29. Rxa5 Rdd8 30. Kg2 Ra8 31. Bd2 Rxa5 32. Nxa5 Ra8
33. Nc4 Ra4 34. Na3 Bh6 35. Kf3 g5 36. fxg5 Nxg5+ 37. Bxg5 Bxg5 38. Nc2 Kf7
39. Rb1 e4+ 40. Ke2 Bf6 41. Ra1 exd3+ 42. Kxd3 Rxa1 43. Nxa1 h5 44. b4 cxb4
45. cxb4 Bxa1 46. Kc4 Ke7 47. Kb5 Kd7 48. Kb6 Bd4+ 49. Kb7 Bg1 50. b5 Bxh2
51. b6 Bg1 52. Ka6 Bxb6 53. Kb7 Bf2 {White resigns} 0-1